 Dungeon Crawl Stone Soup version 0.31-a0-496-g6f97920a28 (webtiles) character file.

Game seed: 14281348793411025392

4 AstroCodex24 the Shield-Bearer (level 1, -2/17 HPs)
             Began as a Vampire Fighter on Aug 8, 2023.
             Slain by Sigmund
             ... wielding a +6 scythe of protection
              (12 damage)
             ... on level 2 of the Dungeon.
             The game lasted 00:00:24 (74 turns).

AstroCodex24 the Shield-Bearer (Vampire Fighter)      Turns: 74, Time: 00:00:24

Health: -2/17      AC:  6    Str: 15    XL:     1   Next: 58%
Magic:  1/1        EV:  8    Int: 10    God:
Gold:   16         SH:  0    Dex: 13    Spells: 0/0 levels left

rFire   . . .        a - +0 war axe
rCold   . . .        c - +0 buckler
rNeg    . . .        b - +0 scale mail
rPois   .            (no helmet)
rElec   .            (no cloak)
rCorr   .            (no gloves)
SInv    +            (no boots)
Will    .....        (no amulet) Stlth
                     (no ring)
HPRegen 0.42/turn    (no ring)
MPRegen 0.07/turn

%: no passive effects
@: confused, healing quickly
A: alive, fangs 3, see invisible, vampiric 1
a: Exsanguinate


You were on level 2 of the Dungeon.
You visited 1 branch of the dungeon, and saw 2 of its levels.

You collected 16 gold pieces.

Inventory:

Hand Weapons
 a - a +0 war axe (weapon)
Armour
 b - a +0 scale mail (worn)
 c - a +0 buckler (worn)
Potions
 d - a potion of might
 e - 2 potions of brilliance {unknown}


   Skills:
 + Level 2.7 Fighting
 + Level 1.8 Axes
 + Level 2.5 Armour
 + Level 2.8 Shields


You couldn't memorise any spells.
You didn't know any spells.
Your spell library was empty.

Dungeon Overview and Level Annotations

Branches:
Dungeon (2/15)

Altars:

Annotations:
D:2 Sigmund


Innate Abilities, Weirdness & Mutations

Your natural rate of healing is accelerated.
You have razor-sharp teeth.
You have supernaturally acute eyesight. (SInv)
You are afflicted with vampirism.


Message History

You climb downwards.
Found 3 stones.
There is a stone staircase leading up here.
A kobold comes into view. It is wielding a +0 short sword.
The kobold shouts!
The dart slug bites you but does no damage.
You slash the dart slug!
You kill the dart slug!
Found 15 gold pieces.
Sigmund the Dreaded comes into view.
He is wielding a +6 scythe of protection.
Sigmund shouts!
A goblin comes into view. It is wielding a +0 club.
The kobold hits you but does no damage.
A ball python comes into view.
The ball python hisses angrily.
The goblin shouts!
A hobgoblin comes into view.
The hobgoblin shouts!
You hit the kobold.
The kobold is severely wounded.
The kobold hits you but does no damage.
You hit the kobold.
You kill the kobold!
Sigmund casts a spell at you.
You are confused.
Sigmund casts a spell.
Sigmund flickers and vanishes for a moment.
You closely miss the ball python. You miss the goblin.
The ball python bites you but does no damage.
The ball python grabs you. The ball python constricts you.
The goblin hits you with a +0 club.
Sigmund hits you from afar with a +6 scythe of protection.
The ball python bites you but does no damage.
The ball python constricts you.
You escape the ball python's grasp.
The hobgoblin closely misses you.
You're too confused to move!
The hobgoblin hits you but does no damage.
The goblin hits you with a +0 club.
Sigmund hits you from afar with a +6 scythe of protection!
Ouch! That really hurt!
You die...

...........##
............#
............#
............#
........$...#
............#
........@..##
......ggS...####
.......@)......##
.............#.. .
##..........##.###..
.......(............
###........##.......
#.........#.....#
#...#..##.<.....#
.................#
##........#......#


You could see Sigmund (invisible), a hobgoblin, a goblin and a ball python.

Vanquished Creatures
  A dart slug (D:2)
  A kobold (D:2)
  A rat (D:1)
3 creatures vanquished.

Notes
Turn   | Place    | Note
-------+----------+-------------------------------------------
     0 | D:1      | AstroCodex24 the Vampire Fighter began the quest for the
                  | Orb.
     0 | D:1      | Reached XP level 1. HP: 17/17 MP: 1/1
    67 | D:2      | Noticed Sigmund
    74 | D:2      | Slain by Sigmund

Illustrated notes

Levels and vault maps discovered:
D:1:      minmay_arrival_semitransparent, layout_loops_ring, dk_noncrumbling_4,
          chequers_serial_rivers_marsh
D:2:      layout_rooms, basic_altar, grunt_decor_mini_mirrors, uniq_terence,
          uniq_sigmund

Action                     || total
---------------------------++-------
  Melee: War axe           ||     8
 Armour: Scale mail        ||    10
  Dodge: Dodged            ||     1
  Block: Buckler           ||     1

Table legend: (Time is in decaauts)
 A = Elapsed time spent in this place.
 B = Non-inter-level travel time spent in this place.
 C = Inter-level travel time spent in this place.
 D = Time resting spent in this place.
 E = Time spent auto-exploring this place.
 F = Levels seen in this place.
 G = Mean time per level.
                   A        B        C        D        E       F      G
               +--------+--------+--------+--------+--------+-----+--------+
         Total |     79 |     77 |      2 |      0 |      0 |   2 |   39.5 |
       Dungeon |     79 |     77 |      2 |      0 |      0 |   2 |   39.5 |
               +--------+--------+--------+--------+--------+-----+--------+

Top non-repeatable levels by time:
     D:1: 60 daAuts
     D:2: 19 daAuts
